[ PARTIDA AOE2 · #461654097 ]
UnrankedCoreanos vs Lithuanians
[ ANÁLISIS DE REPETICIÓN · EXTRAÍDO DE LA PARTIDA GRABADA ]
Feudal
—
Castillos
12:57
Imperial
27:13
| APM promedio | 68.4 |
| APM pico | 698 |
| eAPM promedio | 25.4 |
| Aldeanos / militares | 210 / 291 |
Foco
⚔️ 47.0% · 🌾 53.0%
Archer ×265 · War Wagon ×24 · Trade Cart ×6 · Monk ×2
Feudal
—
Castillos
10:17
Imperial
33:44
| APM promedio | 51.5 |
| APM pico | 540 |
| eAPM promedio | 26.2 |
| Aldeanos / militares | 137 / 236 |
Foco
⚔️ 36.5% · 🌾 63.5%
Knight ×78 · Leitis ×75 · Scout Cavalry ×73 · Monk ×8 · Spearman ×2
Feudal
—
Castillos
9:58
Imperial
30:13
| APM promedio | 62.1 |
| APM pico | 765 |
| eAPM promedio | 29.2 |
| Aldeanos / militares | 132 / 322 |
Foco
⚔️ 44.7% · 🌾 55.3%
Knight ×179 · Scout Cavalry ×131 · Trade Cart ×15 · Camel Scout ×10 · Monk ×2
Feudal
—
Castillos
10:19
Imperial
35:30
| APM promedio | 58.3 |
| APM pico | 656 |
| eAPM promedio | 26.4 |
| Aldeanos / militares | 142 / 190 |
Foco
⚔️ 38.7% · 🌾 61.3%
Conquistador ×94 · Skirmisher ×81 · Archer ×14 · Knight ×1
Feudal
—
Castillos
14:47
Imperial
32:48
| APM promedio | 49.0 |
| APM pico | 589 |
| eAPM promedio | 28.8 |
| Aldeanos / militares | 214 / 149 |
Foco
⚔️ 31.9% · 🌾 68.1%
Knight ×112 · Spearman ×14 · Scout Cavalry ×13 · Trebuchet (Packed) ×6 · Monk ×4
Feudal
—
Castillos
12:15
Imperial
28:50
| APM promedio | 46.1 |
| APM pico | 533 |
| eAPM promedio | 18.5 |
| Aldeanos / militares | 103 / 187 |
Foco
⚔️ 43.9% · 🌾 56.1%
Archer ×183 · Trebuchet (Packed) ×4
Feudal
—
Castillos
13:28
Imperial
36:47
| APM promedio | 68.3 |
| APM pico | 742 |
| eAPM promedio | 34.7 |
| Aldeanos / militares | 137 / 416 |
Foco
⚔️ 46.3% · 🌾 53.7%
Spearman ×247 · Archer ×101 · Huskarl ×56 · Trebuchet (Packed) ×9 · Mangonel ×3
Feudal
—
Castillos
12:28
Imperial
32:40
| APM promedio | 25.9 |
| APM pico | 275 |
| eAPM promedio | 12.7 |
| Aldeanos / militares | 101 / 139 |
Foco
⚔️ 37.2% · 🌾 62.8%
Camel Scout ×75 · Scout Cavalry ×60 · Spearman ×2 · Shrivamsha Rider ×2
Mapa de la partida
Recursos iniciales + cada clic de construcción. Líneas = muros · curvas = relieve. ◆ oro · ⬟ piedra · ● bayas · ✦ reliquia · ◌ hueco del cierre
Tu base· Abierta — hueco de 1t
Base de Toblerone Order· Abierta — flanco sin cerrar
Base de metcag· Abierta — flanco sin cerrar
Base de Rhogal· Abierta — flanco sin cerrar
Base de mehmettenne· Abierta — flanco sin cerrar
Base de maganda· Abierta — hueco de 4t
Base de MR.F4· Abierta — hueco de 7t
Base de rickettsia· ✓ Cerrada en 12:28 · 27t muro · 1 puerta(s)
Terreno inicial suavizado · ◌ = hueco del cierre detectado · pasá el cursor para detalles
Inputs por minuto
— BigYim - - Toblerone Order
Build order — BigYim
Primeras 150 de 609 acciones detectadas
| 11:40 | Construir | House |
| 11:48 | Crear | Villager (Male) |
| 11:56 | Construir | Palisade Gate |
| 11:58 | Construir | Palisade Wall |
| 12:01 | Construir | Farm |
| 12:04 | Investigar | Double-Bit Axe |
| 12:11 | Construir | Palisade Wall |
| 12:48 | Crear | Villager (Male) |
| 12:57 | Construir | Palisade Wall |
| 12:57 | Edad | Edad de los Castillos |
| 13:15 | Construir | Farm |
| 13:26 | Construir | Palisade Wall |
| 13:29 | Construir | Palisade Wall |
| 13:38 | Crear | Archer |
| 13:39 | Crear | Archer ×5 |
| 13:39 | Crear | Archer ×5 |
| 13:40 | Crear | Archer |
| 14:03 | Construir | Farm |
| 14:30 | Construir | Farm |
| 14:30 | Construir | Farm |
| 14:31 | Crear | Villager (Male) |
| 14:31 | Crear | Villager (Male) |
| 14:42 | Construir | Farm |
| 14:43 | Construir | Farm |
| 14:44 | Crear | Archer |
| 14:44 | Crear | Archer |
| 14:48 | Construir | Farm |
| 14:52 | Construir | House |
| 14:56 | Crear | Villager (Male) |
| 15:05 | Crear | Archer |
| 15:05 | Crear | Archer |
| 15:10 | Construir | Blacksmith |
| 15:15 | Crear | Villager (Male) |
| 15:16 | Crear | Villager (Male) |
| 15:25 | Crear | Archer |
| 15:25 | Crear | Archer |
| 15:30 | Construir | House |
| 15:41 | Crear | Villager (Male) |
| 15:41 | Crear | Villager (Male) |
| 15:51 | Crear | Archer |
| 15:51 | Crear | Archer |
| 15:56 | Construir | Farm |
| 16:01 | Construir | Farm |
| 16:02 | Crear | Villager (Male) |
| 16:05 | Crear | Villager (Male) |
| 16:05 | Crear | Villager (Male) |
| 16:14 | Investigar | Fletching |
| 16:15 | Crear | Archer |
| 16:15 | Crear | Archer |
| 16:28 | Crear | Villager (Male) |
| 16:31 | Construir | Farm |
| 16:33 | Construir | House |
| 16:34 | Construir | House |
| 16:35 | Crear | Villager (Male) |
| 16:35 | Crear | Villager (Male) |
| 16:40 | Crear | Archer |
| 16:57 | Crear | Villager (Male) |
| 16:57 | Crear | Villager (Male) |
| 17:00 | Crear | Archer |
| 17:00 | Crear | Archer |
| 17:08 | Construir | Farm |
| 17:09 | Crear | Villager (Male) |
| 17:09 | Crear | Villager (Male) |
| 17:16 | Crear | Archer |
| 17:16 | Crear | Archer |
| 17:21 | Crear | Villager (Male) |
| 17:21 | Crear | Villager (Male) |
| 17:35 | Crear | Archer |
| 17:35 | Crear | Archer |
| 17:49 | Construir | Farm |
| 17:50 | Construir | Farm |
| 17:51 | Crear | Villager (Male) |
| 17:56 | Crear | Archer |
| 17:56 | Crear | Archer |
| 18:09 | Crear | Villager (Male) |
| 18:11 | Crear | Archer |
| 18:11 | Crear | Archer |
| 18:31 | Crear | Villager (Male) |
| 18:35 | Crear | Archer |
| 18:35 | Crear | Archer |
| 18:52 | Crear | Archer |
| 18:52 | Crear | Archer |
| 18:54 | Crear | Villager (Male) |
| 18:58 | Construir | Farm |
| 18:59 | Construir | Farm |
| 19:00 | Construir | House |
| 19:10 | Crear | Archer |
| 19:10 | Crear | Archer |
| 19:16 | Crear | Villager (Male) |
| 19:16 | Crear | Villager (Male) |
| 19:27 | Investigar | Wheelbarrow |
| 19:29 | Crear | Archer |
| 19:29 | Crear | Archer |
| 19:41 | Crear | Villager (Male) |
| 19:41 | Crear | Villager (Male) |
| 19:46 | Crear | Archer |
| 19:46 | Crear | Archer |
| 19:50 | Construir | House |
| 20:04 | Crear | Villager (Male) |
| 20:04 | Crear | Villager (Male) |
| 20:05 | Crear | Archer |
| 20:24 | Crear | Archer |
| 20:30 | Crear | Villager (Male) |
| 20:39 | Crear | Archer |
| 20:39 | Crear | Archer |
| 20:41 | Construir | House |
| 20:49 | Construir | Market |
| 20:52 | Crear | Villager (Male) |
| 20:55 | Crear | Archer |
| 20:55 | Crear | Archer |
| 21:13 | Crear | Villager (Male) |
| 21:13 | Crear | Villager (Male) |
| 21:15 | Construir | Farm |
| 21:20 | Crear | Archer |
| 21:20 | Crear | Archer |
| 21:35 | Investigar | Castle Age |
| 21:37 | Crear | Archer |
| 21:37 | Crear | Archer |
| 21:39 | Construir | Farm |
| 21:39 | Crear | Villager (Male) |
| 21:39 | Crear | Villager (Male) |
| 21:54 | Crear | Archer |
| 21:54 | Crear | Archer |
| 22:01 | Crear | Villager (Male) |
| 22:01 | Crear | Villager (Male) |
| 22:11 | Crear | Archer |
| 22:11 | Crear | Archer |
| 22:19 | Construir | Palisade Wall |
| 22:26 | Crear | Villager (Male) |
| 22:29 | Investigar | Horse Collar |
| 22:29 | Investigar | Horse Collar |
| 22:31 | Investigar | Gold Mining |
| 22:31 | Investigar | Gold Mining |
| 22:31 | Crear | Archer |
| 22:31 | Crear | Archer |
| 22:47 | Crear | Villager (Male) |
| 22:47 | Crear | Villager (Male) |
| 22:51 | Crear | Archer |
| 22:51 | Crear | Archer |
| 23:04 | Construir | Palisade Wall |
| 23:06 | Construir | Palisade Wall |
| 23:12 | Crear | Villager (Male) |
| 23:12 | Crear | Villager (Male) |
| 23:28 | Crear | Archer |
| 23:28 | Crear | Archer |
| 23:34 | Crear | Villager (Male) |
| 23:34 | Crear | Villager (Male) |
| 23:43 | Crear | Archer |
| 23:43 | Crear | Archer |
| 23:59 | Crear | Villager (Male) |
Build order — Toblerone Order
Primeras 150 de 501 acciones detectadas
| 10:17 | Edad | Edad de los Castillos |
| 11:31 | Construir | Farm |
| 11:32 | Crear | Villager (Male) |
| 11:33 | Construir | Farm |
| 11:35 | Construir | Farm |
| 11:42 | Construir | Palisade Wall |
| 11:54 | Crear | Scout Cavalry |
| 12:01 | Construir | Farm |
| 12:04 | Crear | Villager (Male) |
| 12:19 | Crear | Villager (Male) |
| 12:26 | Crear | Villager (Male) |
| 12:27 | Crear | Villager (Male) |
| 12:44 | Construir | Farm |
| 12:46 | Construir | Farm |
| 12:50 | Crear | Scout Cavalry |
| 12:58 | Construir | House |
| 13:04 | Construir | Palisade Wall |
| 13:05 | Crear | Villager (Male) |
| 13:07 | Construir | Farm |
| 13:10 | Construir | Farm |
| 13:10 | Construir | Farm |
| 13:14 | Construir | Farm |
| 13:15 | Crear | Villager (Male) |
| 13:21 | Crear | Villager (Male) |
| 14:05 | Construir | Farm |
| 14:06 | Construir | Farm |
| 14:06 | Construir | Farm |
| 14:09 | Crear | Villager (Male) |
| 14:27 | Crear | Villager (Male) |
| 14:28 | Crear | Scout Cavalry |
| 14:31 | Construir | Farm |
| 14:43 | Crear | Scout Cavalry |
| 14:46 | Investigar | Horse Collar |
| 14:46 | Investigar | Horse Collar |
| 14:57 | Crear | Scout Cavalry |
| 15:03 | Construir | Farm |
| 15:28 | Construir | Farm |
| 15:35 | Crear | Scout Cavalry |
| 15:48 | Construir | Farm |
| 15:57 | Crear | Villager (Male) |
| 15:57 | Crear | Villager (Male) |
| 16:03 | Construir | Farm |
| 16:15 | Crear | Scout Cavalry |
| 16:24 | Construir | Farm |
| 16:44 | Crear | Villager (Male) |
| 16:47 | Construir | House |
| 16:48 | Construir | Palisade Wall |
| 16:50 | Construir | Farm |
| 16:52 | Crear | Scout Cavalry |
| 17:18 | Construir | Palisade Wall |
| 17:20 | Crear | Villager (Male) |
| 17:34 | Construir | Mining Camp |
| 17:40 | Crear | Villager (Male) |
| 17:49 | Construir | Blacksmith |
| 17:52 | Crear | Villager (Male) |
| 18:03 | Crear | Villager (Male) |
| 18:26 | Investigar | Gold Mining |
| 18:57 | Investigar | Castle Age |
| 18:57 | Investigar | Castle Age |
| 18:57 | Investigar | Castle Age |
| 19:06 | Crear | Spearman |
| 19:06 | Crear | Spearman |
| 20:22 | Crear | Scout Cavalry |
| 20:26 | Investigar | Scale Barding Armor |
| 20:26 | Investigar | Forging |
| 20:29 | Investigar | Bloodlines |
| 21:06 | Construir | Mining Camp |
| 21:39 | Crear | Knight |
| 21:39 | Crear | Knight |
| 21:46 | Crear | Villager (Male) |
| 21:46 | Crear | Villager (Male) |
| 21:48 | Crear | Villager (Male) |
| 21:51 | Investigar | Husbandry |
| 21:55 | Construir | Stable |
| 22:00 | Construir | Monastery |
| 22:16 | Crear | Knight |
| 22:40 | Crear | Knight |
| 22:52 | Crear | Villager (Male) |
| 23:02 | Construir | House |
| 23:03 | Construir | House |
| 23:08 | Investigar | Stone Mining |
| 23:29 | Crear | Villager (Male) |
| 23:38 | Construir | Palisade Wall |
| 23:54 | Construir | Palisade Wall |
| 23:57 | Crear | Villager (Male) |
| 24:09 | Crear | Knight |
| 24:16 | Construir | House |
| 24:17 | Construir | House |
| 24:22 | Crear | Villager (Male) |
| 24:25 | Crear | Knight |
| 24:25 | Crear | Knight |
| 24:38 | Construir | House |
| 24:39 | Construir | House |
| 24:41 | Crear | Villager (Male) |
| 24:54 | Construir | Palisade Wall |
| 25:00 | Construir | Palisade Wall |
| 25:05 | Crear | Villager (Male) |
| 25:18 | Crear | Villager (Male) |
| 25:18 | Crear | Villager (Male) |
| 25:27 | Crear | Villager (Male) |
| 25:38 | Construir | Town Center |
| 25:39 | Crear | Villager (Male) |
| 25:40 | Crear | Monk |
| 25:40 | Crear | Monk |
| 25:45 | Crear | Villager (Male) |
| 25:57 | Construir | Farm |
| 25:57 | Construir | Farm |
| 26:10 | Construir | Palisade Wall |
| 26:11 | Construir | Palisade Wall |
| 26:13 | Construir | Palisade Wall |
| 26:30 | Crear | Villager (Male) |
| 26:34 | Crear | Villager (Male) |
| 26:41 | Crear | Monk |
| 26:49 | Crear | Knight |
| 26:49 | Crear | Knight |
| 26:50 | Crear | Villager (Male) |
| 26:51 | Crear | Villager (Male) |
| 27:08 | Crear | Knight |
| 27:26 | Crear | Knight |
| 27:58 | Investigar | Chain Barding Armor |
| 27:58 | Investigar | Chain Barding Armor |
| 27:58 | Investigar | Chain Barding Armor |
| 28:10 | Crear | Villager (Male) |
| 28:10 | Crear | Villager (Male) |
| 28:23 | Construir | Town Center |
| 28:25 | Crear | Villager (Male) |
| 28:27 | Crear | Knight |
| 29:01 | Crear | Knight |
| 29:19 | Crear | Villager (Male) |
| 29:27 | Crear | Knight |
| 29:38 | Crear | Villager (Male) |
| 29:44 | Crear | Villager (Male) |
| 29:50 | Construir | Palisade Gate |
| 29:52 | Crear | Villager (Male) |
| 30:04 | Crear | Monk |
| 30:12 | Crear | Knight |
| 30:12 | Crear | Knight |
| 30:13 | Crear | Villager (Male) |
| 30:13 | Crear | Villager (Male) |
| 30:15 | Construir | Farm |
| 30:15 | Construir | Farm |
| 30:15 | Construir | Farm |
| 30:15 | Construir | Farm |
| 30:27 | Construir | House |
| 30:39 | Crear | Villager (Male) |
| 30:46 | Crear | Knight |
| 30:48 | Crear | Villager (Male) |
| 31:14 | Construir | House |
| 31:14 | Crear | Villager (Male) |
| 31:24 | Crear | Villager (Male) |
Build order — metcag
Primeras 150 de 531 acciones detectadas
| 9:58 | Edad | Edad de los Castillos |
| 11:25 | Crear | Villager (Male) |
| 11:47 | Crear | Scout Cavalry |
| 11:49 | Crear | Villager (Male) |
| 11:52 | Construir | Farm |
| 11:54 | Construir | Farm |
| 12:05 | Construir | House |
| 12:10 | Crear | Villager (Male) |
| 12:13 | Construir | Farm |
| 12:22 | Construir | Farm |
| 12:28 | Construir | Palisade Wall |
| 12:36 | Crear | Villager (Male) |
| 12:46 | Crear | Scout Cavalry |
| 12:49 | Construir | Farm |
| 12:51 | Crear | Villager (Male) |
| 12:55 | Crear | Scout Cavalry |
| 13:00 | Construir | House |
| 13:04 | Crear | Villager (Male) |
| 13:10 | Construir | Farm |
| 13:20 | Crear | Scout Cavalry |
| 13:31 | Crear | Villager (Male) |
| 13:35 | Construir | Palisade Wall |
| 13:38 | Crear | Scout Cavalry |
| 13:56 | Crear | Villager (Male) |
| 13:59 | Construir | Palisade Wall |
| 14:03 | Construir | Palisade Wall |
| 14:05 | Crear | Villager (Male) |
| 14:12 | Construir | House |
| 14:16 | Crear | Scout Cavalry |
| 14:21 | Crear | Villager (Male) |
| 14:28 | Construir | Mining Camp |
| 14:40 | Crear | Villager (Male) |
| 14:41 | Crear | Scout Cavalry |
| 14:58 | Crear | Scout Cavalry |
| 15:12 | Crear | Villager (Male) |
| 15:15 | Construir | Farm |
| 15:27 | Crear | Villager (Male) |
| 15:34 | Crear | Scout Cavalry |
| 15:39 | Investigar | Wheelbarrow |
| 15:42 | Crear | Villager (Male) |
| 15:51 | Construir | House |
| 15:54 | Crear | Villager (Male) |
| 16:07 | Construir | Palisade Wall |
| 16:11 | Crear | Scout Cavalry |
| 16:13 | Construir | Farm |
| 16:13 | Crear | Villager (Male) |
| 16:16 | Construir | Farm |
| 16:22 | Crear | Scout Cavalry |
| 16:29 | Construir | House |
| 16:35 | Construir | Farm |
| 16:38 | Construir | Farm |
| 16:48 | Crear | Scout Cavalry |
| 16:49 | Crear | Villager (Male) |
| 17:03 | Construir | House |
| 17:04 | Construir | House |
| 17:10 | Construir | Blacksmith |
| 18:13 | Construir | Farm |
| 18:34 | Crear | Villager (Male) |
| 18:37 | Investigar | Castle Age |
| 18:38 | Investigar | Castle Age |
| 18:46 | Investigar | Gold Mining |
| 18:46 | Investigar | Gold Mining |
| 18:59 | Construir | Stable |
| 19:02 | Investigar | Bloodlines |
| 19:03 | Investigar | Bloodlines |
| 19:48 | Investigar | Scale Barding Armor |
| 20:11 | Crear | Villager (Male) |
| 20:44 | Crear | Villager (Male) |
| 20:57 | Crear | Villager (Male) |
| 21:28 | Investigar | Husbandry |
| 21:32 | Crear | Villager (Male) |
| 21:33 | Crear | Knight |
| 21:33 | Crear | Knight |
| 21:40 | Investigar | Chain Barding Armor |
| 21:40 | Crear | Villager (Male) |
| 21:40 | Crear | Villager (Male) |
| 21:41 | Crear | Knight |
| 21:41 | Crear | Knight |
| 21:53 | Construir | Farm |
| 21:53 | Crear | Villager (Male) |
| 21:57 | Construir | Town Center |
| 22:08 | Investigar | Bow Saw |
| 22:09 | Investigar | Bow Saw |
| 22:09 | Crear | Villager (Male) |
| 22:09 | Crear | Villager (Male) |
| 22:10 | Crear | Knight |
| 22:13 | Construir | Palisade Gate |
| 22:25 | Crear | Knight |
| 22:25 | Crear | Knight |
| 22:35 | Investigar | Light Cavalry (upgrade) |
| 22:35 | Investigar | Light Cavalry (upgrade) |
| 22:38 | Crear | Villager (Male) |
| 22:41 | Crear | Knight |
| 22:59 | Crear | Villager (Male) |
| 23:02 | Construir | Farm |
| 23:06 | Investigar | Husbandry |
| 23:08 | Crear | Knight |
| 23:08 | Crear | Knight |
| 23:20 | Crear | Villager (Male) |
| 23:30 | Construir | House |
| 23:39 | Crear | Villager (Male) |
| 23:40 | Crear | Villager (Male) |
| 23:41 | Crear | Villager (Male) |
| 23:55 | Crear | Villager (Male) |
| 24:08 | Crear | Knight |
| 24:08 | Crear | Knight |
| 24:25 | Crear | Knight |
| 24:25 | Crear | Knight |
| 24:30 | Crear | Villager (Male) |
| 24:30 | Crear | Villager (Male) |
| 24:37 | Construir | Town Center |
| 24:43 | Crear | Knight |
| 24:43 | Crear | Knight |
| 25:06 | Crear | Villager (Male) |
| 25:06 | Crear | Villager (Male) |
| 25:07 | Crear | Camel Scout |
| 25:07 | Crear | Camel Scout |
| 25:09 | Crear | Camel Scout |
| 25:09 | Crear | Knight |
| 25:10 | Crear | Knight |
| 25:42 | Crear | Camel Scout |
| 25:42 | Crear | Knight |
| 25:42 | Crear | Knight |
| 25:56 | Crear | Villager (Male) |
| 25:56 | Crear | Villager (Male) |
| 26:00 | Construir | Lumber Camp |
| 26:00 | Crear | Villager (Male) |
| 26:00 | Crear | Villager (Male) |
| 26:00 | Crear | Villager (Male) |
| 26:06 | Construir | Farm |
| 26:06 | Construir | Farm |
| 26:07 | Construir | Farm |
| 26:07 | Construir | Farm |
| 26:07 | Construir | Farm |
| 26:07 | Construir | Farm |
| 26:15 | Crear | Camel Scout |
| 26:15 | Crear | Camel Scout |
| 26:15 | Crear | Knight |
| 26:15 | Crear | Camel Scout |
| 26:20 | Crear | Villager (Male) |
| 26:24 | Construir | House |
| 26:25 | Construir | House |
| 26:45 | Crear | Knight |
| 26:45 | Crear | Knight |
| 26:47 | Crear | Knight |
| 26:47 | Crear | Knight |
| 26:50 | Construir | Mill |
| 26:51 | Construir | Farm |
| 26:51 | Construir | Farm |
| 26:52 | Construir | Farm |
Build order — Rhogal
Primeras 150 de 573 acciones detectadas
| 10:19 | Edad | Edad de los Castillos |
| 11:21 | Crear | Villager (Male) |
| 11:31 | Crear | Archer |
| 11:45 | Construir | Palisade Wall |
| 11:46 | Crear | Villager (Male) |
| 12:06 | Construir | Blacksmith |
| 12:09 | Construir | House |
| 12:19 | Construir | House |
| 12:24 | Crear | Villager (Male) |
| 12:30 | Construir | House |
| 12:35 | Crear | Archer |
| 12:45 | Crear | Villager (Male) |
| 13:01 | Construir | Palisade Wall |
| 13:07 | Crear | Archer |
| 13:09 | Investigar | Fletching |
| 13:22 | Construir | Palisade Wall |
| 13:26 | Construir | Palisade Wall |
| 13:32 | Construir | Farm |
| 13:32 | Construir | Farm |
| 13:34 | Crear | Villager (Male) |
| 14:12 | Crear | Archer |
| 14:12 | Crear | Villager (Male) |
| 14:15 | Construir | Farm |
| 14:15 | Construir | Farm |
| 14:15 | Construir | Farm |
| 14:15 | Construir | Farm |
| 14:15 | Construir | Farm |
| 14:16 | Construir | Farm |
| 14:16 | Construir | Farm |
| 14:22 | Crear | Archer |
| 14:24 | Investigar | Padded Archer Armor |
| 14:41 | Crear | Archer |
| 14:58 | Crear | Archer |
| 14:58 | Crear | Archer |
| 14:58 | Crear | Villager (Male) |
| 15:02 | Construir | Farm |
| 15:03 | Construir | Farm |
| 15:03 | Construir | Farm |
| 15:03 | Construir | Farm |
| 15:03 | Construir | Farm |
| 15:03 | Construir | Farm |
| 15:17 | Crear | Archer |
| 15:32 | Crear | Villager (Male) |
| 15:32 | Crear | Villager (Male) |
| 15:37 | Construir | Farm |
| 15:37 | Construir | Farm |
| 15:37 | Construir | Farm |
| 15:37 | Construir | Farm |
| 15:38 | Construir | Farm |
| 15:47 | Crear | Villager (Male) |
| 15:51 | Construir | House |
| 16:19 | Crear | Villager (Male) |
| 16:19 | Crear | Villager (Male) |
| 16:22 | Construir | Farm |
| 16:23 | Construir | Farm |
| 16:23 | Construir | Farm |
| 16:35 | Crear | Archer |
| 16:35 | Crear | Archer |
| 16:56 | Construir | House |
| 16:59 | Construir | House |
| 17:01 | Construir | Farm |
| 17:08 | Construir | Farm |
| 17:21 | Construir | Farm |
| 17:46 | Crear | Villager (Male) |
| 17:52 | Crear | Archer |
| 18:03 | Construir | Palisade Wall |
| 18:11 | Crear | Villager (Male) |
| 18:18 | Construir | Mining Camp |
| 18:23 | Construir | Farm |
| 18:24 | Investigar | Horse Collar |
| 18:49 | Crear | Archer |
| 18:58 | Investigar | Castle Age |
| 18:59 | Investigar | Castle Age |
| 19:46 | Crear | Villager (Male) |
| 19:49 | Construir | House |
| 19:53 | Construir | House |
| 19:55 | Construir | House |
| 20:50 | Investigar | Stone Mining |
| 20:54 | Investigar | Horse Collar |
| 21:17 | Construir | Stable |
| 21:25 | Construir | House |
| 21:50 | Construir | Market |
| 21:55 | Investigar | Bow Saw |
| 22:01 | Investigar | Gold Mining |
| 22:02 | Crear | Villager (Male) |
| 22:06 | Construir | Town Center |
| 22:18 | Investigar | Husbandry |
| 22:19 | Investigar | Bloodlines |
| 22:37 | Crear | Villager (Male) |
| 22:38 | Crear | Villager (Male) |
| 22:45 | Construir | Farm |
| 23:06 | Construir | Castle |
| 23:13 | Investigar | Leather Archer Armor |
| 23:24 | Crear | Villager (Male) |
| 23:54 | Crear | Villager (Male) |
| 24:04 | Crear | Villager (Male) |
| 24:15 | Crear | Villager (Male) |
| 24:16 | Crear | Villager (Male) |
| 24:17 | Crear | Conquistador |
| 24:18 | Crear | Conquistador |
| 24:30 | Crear | Villager (Male) |
| 24:30 | Investigar | Wheelbarrow |
| 24:30 | Investigar | Town Watch |
| 24:41 | Construir | Town Center |
| 24:44 | Crear | Conquistador |
| 24:50 | Crear | Villager (Male) |
| 24:55 | Construir | Farm |
| 24:56 | Construir | Farm |
| 25:07 | Crear | Villager (Male) |
| 25:08 | Crear | Villager (Male) |
| 25:10 | Crear | Conquistador |
| 25:23 | Crear | Villager (Male) |
| 25:30 | Crear | Conquistador |
| 25:40 | Crear | Villager (Male) |
| 25:42 | Construir | Farm |
| 25:43 | Construir | Farm |
| 25:43 | Construir | Farm |
| 25:44 | Construir | Farm |
| 25:50 | Crear | Villager (Male) |
| 25:51 | Investigar | Town Watch |
| 25:53 | Crear | Villager (Male) |
| 25:57 | Crear | Villager (Male) |
| 25:57 | Crear | Villager (Male) |
| 26:03 | Construir | Lumber Camp |
| 26:09 | Construir | Farm |
| 26:14 | Crear | Conquistador |
| 26:28 | Construir | Palisade Gate |
| 26:47 | Crear | Conquistador |
| 26:48 | Crear | Villager (Male) |
| 26:48 | Crear | Villager (Male) |
| 26:48 | Crear | Villager (Male) |
| 26:49 | Crear | Villager (Male) |
| 27:10 | Construir | Farm |
| 27:15 | Crear | Conquistador |
| 27:35 | Crear | Conquistador |
| 27:35 | Crear | Conquistador |
| 27:59 | Crear | Conquistador |
| 27:59 | Crear | Conquistador |
| 28:22 | Crear | Conquistador |
| 28:56 | Investigar | Wheelbarrow |
| 29:02 | Crear | Villager (Male) |
| 29:17 | Crear | Villager (Male) |
| 29:17 | Crear | Villager (Male) |
| 29:46 | Construir | Farm |
| 29:46 | Construir | Farm |
| 29:47 | Construir | Farm |
| 29:47 | Construir | Farm |
| 29:52 | Construir | Town Center |
| 30:08 | Construir | House |
| 30:31 | Construir | Lumber Camp |
Build order — mehmettenne
Primeras 150 de 559 acciones detectadas
| 11:20 | Crear | Villager (Male) |
| 11:20 | Crear | Villager (Male) |
| 11:38 | Investigar | Man-at-Arms (upgrade) |
| 11:38 | Investigar | Man-at-Arms (upgrade) |
| 11:49 | Crear | Villager (Male) |
| 11:54 | Construir | Blacksmith |
| 11:58 | Construir | Farm |
| 11:59 | Construir | Farm |
| 12:09 | Crear | Villager (Male) |
| 12:42 | Crear | Villager (Male) |
| 12:43 | Crear | Villager (Male) |
| 12:46 | Construir | Farm |
| 12:47 | Construir | Farm |
| 13:11 | Crear | Villager (Male) |
| 13:28 | Construir | Farm |
| 13:28 | Construir | Farm |
| 13:33 | Crear | Villager (Male) |
| 13:41 | Crear | Villager (Male) |
| 13:45 | Construir | Watch Tower |
| 13:55 | Crear | Spearman |
| 14:00 | Construir | House |
| 14:02 | Construir | House |
| 14:09 | Crear | Villager (Male) |
| 14:16 | Crear | Villager (Male) |
| 14:26 | Crear | Scout Cavalry |
| 14:26 | Crear | Scout Cavalry |
| 14:27 | Crear | Villager (Male) |
| 14:44 | Crear | Villager (Male) |
| 14:47 | Edad | Edad de los Castillos |
| 14:56 | Crear | Villager (Male) |
| 15:03 | Construir | House |
| 15:18 | Construir | Farm |
| 15:18 | Construir | Farm |
| 15:19 | Crear | Villager (Male) |
| 15:19 | Crear | Villager (Male) |
| 15:37 | Crear | Scout Cavalry |
| 15:49 | Construir | House |
| 16:23 | Crear | Scout Cavalry |
| 16:23 | Crear | Scout Cavalry |
| 16:29 | Construir | Farm |
| 16:30 | Crear | Villager (Male) |
| 16:30 | Crear | Villager (Male) |
| 16:46 | Construir | House |
| 16:51 | Construir | Palisade Wall |
| 16:58 | Crear | Spearman |
| 16:59 | Crear | Scout Cavalry |
| 17:07 | Crear | Scout Cavalry |
| 17:09 | Construir | Farm |
| 17:11 | Construir | Farm |
| 17:36 | Crear | Scout Cavalry |
| 17:43 | Investigar | Double-Bit Axe |
| 17:52 | Construir | Farm |
| 17:52 | Construir | Farm |
| 17:53 | Construir | Farm |
| 18:05 | Crear | Villager (Male) |
| 18:07 | Crear | Scout Cavalry |
| 18:12 | Construir | Farm |
| 18:25 | Construir | Mining Camp |
| 18:38 | Crear | Villager (Male) |
| 18:38 | Crear | Villager (Male) |
| 18:39 | Crear | Villager (Male) |
| 18:55 | Construir | Watch Tower |
| 19:03 | Crear | Villager (Male) |
| 19:26 | Crear | Villager (Male) |
| 19:26 | Crear | Villager (Male) |
| 19:26 | Crear | Villager (Male) |
| 19:27 | Crear | Villager (Male) |
| 19:27 | Crear | Villager (Male) |
| 19:35 | Crear | Villager (Male) |
| 19:39 | Construir | Farm |
| 19:40 | Construir | Farm |
| 19:40 | Construir | Farm |
| 19:53 | Crear | Scout Cavalry |
| 20:13 | Investigar | Scale Barding Armor |
| 20:20 | Crear | Villager (Male) |
| 20:21 | Construir | Farm |
| 20:21 | Construir | Farm |
| 20:22 | Construir | Farm |
| 20:22 | Construir | Farm |
| 20:23 | Crear | Villager (Male) |
| 20:23 | Crear | Villager (Male) |
| 20:39 | Crear | Scout Cavalry |
| 20:39 | Crear | Scout Cavalry |
| 20:48 | Construir | Lumber Camp |
| 20:49 | Crear | Villager (Male) |
| 21:06 | Construir | Farm |
| 21:12 | Crear | Scout Cavalry |
| 21:13 | Crear | Villager (Male) |
| 21:18 | Construir | Farm |
| 21:28 | Construir | Palisade Wall |
| 21:42 | Crear | Villager (Male) |
| 21:43 | Crear | Villager (Male) |
| 21:56 | Construir | Palisade Wall |
| 22:01 | Construir | Palisade Gate |
| 22:18 | Construir | Farm |
| 22:18 | Construir | Farm |
| 22:19 | Construir | Farm |
| 22:19 | Crear | Villager (Male) |
| 22:19 | Crear | Villager (Male) |
| 22:54 | Construir | Palisade Wall |
| 23:04 | Construir | Farm |
| 23:09 | Construir | House |
| 23:26 | Investigar | Castle Age |
| 23:34 | Investigar | Gold Mining |
| 23:46 | Construir | House |
| 23:50 | Construir | Palisade Wall |
| 23:55 | Investigar | Horse Collar |
| 23:59 | Crear | Villager (Male) |
| 24:16 | Investigar | Bloodlines |
| 24:35 | Construir | Stable |
| 24:43 | Investigar | Forging |
| 24:47 | Crear | Villager (Male) |
| 25:10 | Crear | Villager (Male) |
| 25:23 | Construir | Mining Camp |
| 25:27 | Investigar | Stone Mining |
| 25:29 | Crear | Villager (Male) |
| 25:55 | Crear | Villager (Male) |
| 26:01 | Construir | Lumber Camp |
| 26:11 | Investigar | Chain Barding Armor |
| 26:11 | Crear | Knight |
| 26:13 | Crear | Villager (Male) |
| 26:21 | Crear | Knight |
| 26:35 | Construir | Farm |
| 26:48 | Construir | Farm |
| 26:49 | Crear | Knight |
| 26:49 | Crear | Knight |
| 27:14 | Construir | House |
| 27:15 | Construir | House |
| 27:24 | Construir | Town Center |
| 27:26 | Construir | Farm |
| 27:27 | Construir | Farm |
| 27:28 | Construir | Farm |
| 27:30 | Investigar | Bow Saw |
| 27:34 | Crear | Villager (Male) |
| 27:35 | Crear | Knight |
| 27:47 | Investigar | Husbandry |
| 27:56 | Crear | Villager (Male) |
| 28:08 | Crear | Villager (Male) |
| 28:15 | Crear | Villager (Male) |
| 28:34 | Crear | Villager (Male) |
| 28:41 | Crear | Knight |
| 28:42 | Crear | Knight |
| 28:48 | Crear | Villager (Male) |
| 29:12 | Crear | Villager (Male) |
| 29:13 | Construir | Monastery |
| 29:18 | Crear | Knight |
| 29:18 | Crear | Knight |
| 29:29 | Construir | Farm |
| 29:32 | Crear | Villager (Male) |
| 29:33 | Crear | Villager (Male) |
Build order — maganda
Primeras 150 de 395 acciones detectadas
| 11:28 | Construir | Blacksmith |
| 11:31 | Crear | Villager (Male) |
| 11:37 | Construir | House |
| 11:43 | Crear | Archer |
| 11:44 | Crear | Archer |
| 12:02 | Construir | House |
| 12:10 | Investigar | Fletching |
| 12:12 | Crear | Villager (Male) |
| 12:15 | Edad | Edad de los Castillos |
| 12:19 | Construir | House |
| 12:21 | Construir | Palisade Wall |
| 12:26 | Construir | Farm |
| 12:34 | Crear | Villager (Male) |
| 12:36 | Crear | Archer |
| 12:52 | Construir | Farm |
| 12:56 | Construir | Palisade Wall |
| 13:00 | Construir | Palisade Gate |
| 13:02 | Construir | Palisade Wall |
| 13:04 | Crear | Villager (Male) |
| 13:09 | Construir | Farm |
| 13:10 | Crear | Archer |
| 13:10 | Crear | Archer |
| 13:26 | Construir | Farm |
| 13:29 | Crear | Villager (Male) |
| 13:35 | Crear | Archer |
| 13:36 | Crear | Archer |
| 13:37 | Construir | Farm |
| 13:39 | Construir | Farm |
| 13:46 | Construir | House |
| 13:49 | Construir | Palisade Wall |
| 13:55 | Crear | Archer |
| 13:57 | Crear | Villager (Male) |
| 14:07 | Crear | Archer |
| 14:18 | Construir | Farm |
| 14:21 | Crear | Villager (Male) |
| 14:28 | Construir | Farm |
| 14:36 | Crear | Archer |
| 15:10 | Crear | Villager (Male) |
| 15:27 | Construir | Farm |
| 15:31 | Construir | Farm |
| 15:32 | Construir | Farm |
| 15:40 | Crear | Archer |
| 15:40 | Crear | Archer |
| 15:47 | Construir | Farm |
| 15:48 | Crear | Villager (Male) |
| 15:51 | Crear | Archer |
| 16:04 | Construir | Farm |
| 16:06 | Crear | Villager (Male) |
| 16:08 | Crear | Archer |
| 16:30 | Investigar | Padded Archer Armor |
| 16:41 | Crear | Archer |
| 16:41 | Crear | Archer |
| 16:45 | Construir | Farm |
| 16:52 | Crear | Archer |
| 17:08 | Crear | Archer |
| 17:09 | Crear | Villager (Male) |
| 17:10 | Crear | Villager (Male) |
| 17:15 | Crear | Archer |
| 17:25 | Crear | Villager (Male) |
| 17:36 | Crear | Archer |
| 17:37 | Crear | Villager (Male) |
| 17:43 | Crear | Villager (Male) |
| 17:49 | Crear | Archer |
| 18:01 | Construir | House |
| 18:31 | Crear | Villager (Male) |
| 18:51 | Crear | Archer |
| 19:11 | Construir | House |
| 19:42 | Construir | Market |
| 19:55 | Crear | Archer |
| 20:00 | Crear | Villager (Male) |
| 20:12 | Crear | Villager (Male) |
| 20:54 | Investigar | Castle Age |
| 21:10 | Construir | Archery Range |
| 21:16 | Construir | Lumber Camp |
| 21:18 | Crear | Archer |
| 21:18 | Crear | Archer |
| 21:36 | Construir | House |
| 21:43 | Investigar | Gold Mining |
| 21:44 | Investigar | Horse Collar |
| 21:53 | Construir | House |
| 21:58 | Construir | House |
| 22:07 | Crear | Archer |
| 22:08 | Crear | Archer |
| 22:18 | Construir | Palisade Wall |
| 22:20 | Construir | Palisade Wall |
| 23:00 | Crear | Archer |
| 23:00 | Crear | Archer |
| 23:14 | Crear | Archer |
| 23:15 | Crear | Archer |
| 23:32 | Crear | Villager (Male) |
| 23:36 | Investigar | Crossbowman (upgrade) |
| 23:43 | Investigar | Bodkin Arrow |
| 23:48 | Construir | Town Center |
| 23:58 | Construir | House |
| 24:02 | Crear | Archer |
| 24:06 | Crear | Villager (Male) |
| 24:08 | Crear | Villager (Male) |
| 24:20 | Investigar | Wheelbarrow |
| 24:24 | Crear | Villager (Male) |
| 24:36 | Construir | University |
| 24:44 | Crear | Archer |
| 24:44 | Crear | Archer |
| 24:45 | Crear | Archer |
| 24:45 | Crear | Archer |
| 24:46 | Crear | Villager (Male) |
| 24:55 | Construir | House |
| 24:56 | Construir | House |
| 25:00 | Construir | House |
| 25:06 | Crear | Archer |
| 25:08 | Crear | Villager (Male) |
| 25:15 | Investigar | Bow Saw |
| 25:51 | Investigar | Ballistics |
| 25:55 | Crear | Archer |
| 25:56 | Crear | Archer |
| 26:03 | Crear | Villager (Male) |
| 26:03 | Crear | Villager (Male) |
| 26:06 | Construir | Farm |
| 26:10 | Crear | Villager (Male) |
| 26:19 | Crear | Archer |
| 26:19 | Crear | Archer |
| 26:25 | Construir | House |
| 26:26 | Construir | House |
| 26:38 | Crear | Archer |
| 26:38 | Crear | Archer |
| 27:12 | Crear | Villager (Male) |
| 27:12 | Crear | Villager (Male) |
| 27:15 | Construir | Farm |
| 27:24 | Investigar | Leather Archer Armor |
| 27:55 | Crear | Villager (Male) |
| 28:23 | Crear | Villager (Male) |
| 28:24 | Crear | Villager (Male) |
| 28:34 | Crear | Archer |
| 28:34 | Crear | Archer |
| 28:34 | Crear | Villager (Male) |
| 28:39 | Construir | Mill |
| 28:50 | Edad | Edad Imperial |
| 28:52 | Crear | Villager (Male) |
| 28:54 | Construir | Farm |
| 28:57 | Investigar | Heavy Plow |
| 29:24 | Construir | House |
| 29:24 | Crear | Villager (Male) |
| 29:38 | Construir | Town Center |
| 29:40 | Crear | Villager (Male) |
| 29:40 | Crear | Villager (Male) |
| 29:43 | Crear | Archer |
| 29:43 | Crear | Archer |
| 29:46 | Crear | Archer |
| 29:46 | Crear | Archer |
| 30:10 | Crear | Archer |
| 30:10 | Crear | Archer |
Build order — MR.F4
Primeras 150 de 548 acciones detectadas
| 11:20 | Crear | Villager (Male) |
| 11:20 | Crear | Villager (Male) |
| 11:20 | Crear | Villager (Male) |
| 11:22 | Crear | Archer |
| 11:33 | Construir | Blacksmith |
| 11:35 | Crear | Archer |
| 11:59 | Crear | Archer |
| 12:08 | Crear | Villager (Male) |
| 12:11 | Construir | House |
| 12:23 | Construir | House |
| 12:31 | Investigar | Double-Bit Axe |
| 12:49 | Crear | Archer |
| 12:49 | Crear | Archer |
| 13:01 | Crear | Villager (Male) |
| 13:05 | Construir | House |
| 13:13 | Investigar | Fletching |
| 13:24 | Crear | Archer |
| 13:24 | Crear | Archer |
| 13:28 | Edad | Edad de los Castillos |
| 13:42 | Construir | House |
| 13:42 | Crear | Archer |
| 13:43 | Crear | Archer |
| 13:54 | Construir | Farm |
| 13:55 | Construir | Farm |
| 13:56 | Construir | Farm |
| 13:57 | Construir | Farm |
| 13:57 | Crear | Villager (Male) |
| 13:58 | Construir | Farm |
| 14:12 | Crear | Archer |
| 14:20 | Construir | Farm |
| 14:21 | Crear | Villager (Male) |
| 14:25 | Construir | Farm |
| 14:42 | Crear | Archer |
| 14:59 | Crear | Archer |
| 15:15 | Construir | Farm |
| 15:16 | Crear | Villager (Male) |
| 15:16 | Crear | Villager (Male) |
| 15:19 | Construir | House |
| 15:35 | Crear | Archer |
| 15:47 | Crear | Archer |
| 15:48 | Crear | Archer |
| 15:54 | Construir | House |
| 15:58 | Construir | Palisade Wall |
| 16:02 | Crear | Archer |
| 16:02 | Crear | Archer |
| 16:03 | Construir | House |
| 16:05 | Crear | Villager (Male) |
| 16:07 | Investigar | Horse Collar |
| 16:23 | Crear | Villager (Male) |
| 16:23 | Crear | Villager (Male) |
| 16:25 | Construir | Farm |
| 16:25 | Crear | Villager (Male) |
| 16:45 | Crear | Archer |
| 16:55 | Crear | Archer |
| 17:03 | Construir | Farm |
| 17:04 | Construir | Farm |
| 17:07 | Construir | Farm |
| 17:07 | Construir | Farm |
| 17:18 | Construir | House |
| 17:20 | Construir | Palisade Wall |
| 17:23 | Crear | Archer |
| 17:28 | Crear | Archer |
| 17:32 | Crear | Villager (Male) |
| 17:33 | Crear | Villager (Male) |
| 17:34 | Construir | Farm |
| 17:48 | Construir | Farm |
| 17:52 | Crear | Archer |
| 17:58 | Construir | House |
| 18:03 | Construir | Farm |
| 18:10 | Construir | House |
| 18:16 | Crear | Villager (Male) |
| 18:16 | Crear | Villager (Male) |
| 18:17 | Crear | Villager (Male) |
| 18:23 | Crear | Villager (Male) |
| 18:54 | Crear | Archer |
| 18:54 | Crear | Archer |
| 18:57 | Crear | Villager (Male) |
| 19:05 | Construir | Farm |
| 19:16 | Crear | Archer |
| 19:18 | Investigar | Padded Archer Armor |
| 19:30 | Crear | Archer |
| 19:48 | Crear | Archer |
| 20:08 | Construir | Farm |
| 20:13 | Crear | Archer |
| 20:21 | Crear | Archer |
| 20:30 | Construir | Watch Tower |
| 20:32 | Crear | Archer |
| 20:48 | Crear | Villager (Male) |
| 22:00 | Construir | House |
| 22:08 | Investigar | Castle Age |
| 22:20 | Investigar | Gold Mining |
| 22:30 | Crear | Archer |
| 22:34 | Construir | Mining Camp |
| 22:42 | Crear | Villager (Male) |
| 22:42 | Crear | Villager (Male) |
| 22:46 | Crear | Archer |
| 23:06 | Crear | Archer |
| 23:16 | Construir | Lumber Camp |
| 23:23 | Crear | Archer |
| 23:23 | Crear | Archer |
| 23:33 | Crear | Archer |
| 24:00 | Crear | Archer |
| 24:24 | Construir | Mining Camp |
| 24:28 | Crear | Archer |
| 24:28 | Crear | Archer |
| 24:48 | Investigar | Crossbowman (upgrade) |
| 24:49 | Investigar | Bodkin Arrow |
| 24:53 | Crear | Villager (Male) |
| 24:53 | Crear | Villager (Male) |
| 25:01 | Crear | Villager (Male) |
| 25:02 | Crear | Villager (Male) |
| 25:04 | Crear | Archer |
| 25:11 | Crear | Archer |
| 25:34 | Crear | Archer |
| 25:45 | Crear | Archer |
| 26:18 | Construir | Town Center |
| 26:19 | Crear | Archer |
| 26:29 | Crear | Villager (Male) |
| 26:30 | Crear | Villager (Male) |
| 26:44 | Crear | Villager (Male) |
| 27:06 | Crear | Villager (Male) |
| 27:07 | Crear | Villager (Male) |
| 27:07 | Crear | Villager (Male) |
| 27:10 | Crear | Archer |
| 27:10 | Crear | Archer |
| 27:21 | Crear | Villager (Male) |
| 27:21 | Crear | Villager (Male) |
| 27:44 | Construir | University |
| 27:48 | Construir | Market |
| 27:53 | Crear | Archer |
| 27:56 | Crear | Archer |
| 27:56 | Crear | Archer |
| 28:09 | Crear | Archer |
| 28:09 | Crear | Archer |
| 28:25 | Construir | University |
| 28:26 | Crear | Archer |
| 28:26 | Crear | Archer |
| 28:32 | Investigar | Leather Archer Armor |
| 28:35 | Crear | Archer |
| 28:35 | Crear | Archer |
| 28:37 | Crear | Villager (Male) |
| 28:38 | Crear | Villager (Male) |
| 28:39 | Crear | Villager (Male) |
| 28:39 | Crear | Villager (Male) |
| 28:39 | Crear | Villager (Male) |
| 28:39 | Crear | Villager (Male) |
| 29:01 | Investigar | Ballistics |
| 29:05 | Crear | Archer |
| 29:14 | Crear | Archer |
| 29:15 | Crear | Archer |
Build order — rickettsia
Primeras 150 de 313 acciones detectadas
| 11:23 | Crear | Spearman |
| 11:23 | Crear | Spearman |
| 11:29 | Construir | Palisade Wall |
| 11:59 | Construir | House |
| 12:11 | Investigar | Horse Collar |
| 12:14 | Construir | House |
| 12:15 | Construir | Palisade Wall |
| 12:24 | Construir | House |
| 12:28 | Edad | Edad de los Castillos |
| 12:46 | Construir | Palisade Gate |
| 12:50 | Construir | Palisade Wall |
| 13:08 | Construir | Farm |
| 13:10 | Construir | Farm |
| 13:13 | Crear | Villager (Male) |
| 13:13 | Crear | Villager (Male) |
| 13:14 | Crear | Villager (Male) |
| 13:19 | Crear | Scout Cavalry |
| 13:19 | Crear | Scout Cavalry |
| 13:35 | Construir | House |
| 13:43 | Construir | Blacksmith |
| 14:00 | Construir | House |
| 14:08 | Crear | Scout Cavalry |
| 14:17 | Construir | Farm |
| 14:21 | Construir | Farm |
| 14:24 | Construir | Farm |
| 14:26 | Construir | Farm |
| 14:29 | Construir | Farm |
| 14:31 | Crear | Scout Cavalry |
| 15:08 | Crear | Villager (Male) |
| 15:08 | Crear | Villager (Male) |
| 15:09 | Crear | Villager (Male) |
| 15:32 | Crear | Scout Cavalry |
| 15:52 | Construir | Palisade Gate |
| 15:53 | Construir | Palisade Wall |
| 15:56 | Construir | Farm |
| 15:59 | Construir | Farm |
| 16:01 | Crear | Villager (Male) |
| 16:12 | Construir | Farm |
| 16:14 | Construir | Farm |
| 16:41 | Construir | Farm |
| 16:42 | Construir | Farm |
| 16:43 | Construir | Farm |
| 16:54 | Crear | Scout Cavalry |
| 17:13 | Construir | Palisade Gate |
| 17:14 | Construir | Palisade Wall |
| 17:24 | Crear | Villager (Male) |
| 17:24 | Crear | Villager (Male) |
| 17:29 | Construir | Farm |
| 17:44 | Crear | Scout Cavalry |
| 17:45 | Crear | Villager (Male) |
| 17:59 | Construir | Farm |
| 18:05 | Construir | Market |
| 18:49 | Construir | Farm |
| 18:50 | Construir | Farm |
| 18:52 | Crear | Villager (Male) |
| 18:52 | Crear | Villager (Male) |
| 18:52 | Crear | Villager (Male) |
| 18:59 | Construir | Mining Camp |
| 20:18 | Crear | Villager (Male) |
| 20:18 | Crear | Villager (Male) |
| 20:56 | Investigar | Castle Age |
| 21:17 | Investigar | Gold Mining |
| 21:27 | Construir | Stable |
| 21:34 | Construir | House |
| 21:36 | Construir | House |
| 21:38 | Construir | House |
| 21:45 | Investigar | Scale Barding Armor |
| 22:13 | Investigar | Bloodlines |
| 22:50 | Investigar | Forging |
| 23:11 | Construir | House |
| 23:13 | Construir | House |
| 23:25 | Crear | Villager (Male) |
| 23:25 | Crear | Villager (Male) |
| 23:32 | Construir | Farm |
| 23:34 | Construir | Farm |
| 23:49 | Crear | Camel Scout |
| 23:49 | Investigar | Husbandry |
| 24:04 | Crear | Camel Scout |
| 24:07 | Crear | Shrivamsha Rider |
| 24:08 | Crear | Camel Scout |
| 24:14 | Crear | Villager (Male) |
| 24:14 | Crear | Villager (Male) |
| 24:29 | Investigar | Chain Barding Armor |
| 24:34 | Crear | Camel Scout |
| 24:49 | Construir | Farm |
| 25:06 | Crear | Camel Scout |
| 25:34 | Crear | Camel Scout |
| 25:35 | Crear | Camel Scout |
| 25:52 | Crear | Camel Scout |
| 25:53 | Crear | Villager (Male) |
| 25:54 | Crear | Villager (Male) |
| 25:54 | Crear | Villager (Male) |
| 26:04 | Investigar | Iron Casting |
| 26:15 | Construir | Town Center |
| 26:22 | Construir | House |
| 26:36 | Crear | Camel Scout |
| 26:37 | Crear | Camel Scout |
| 26:38 | Crear | Shrivamsha Rider |
| 27:06 | Crear | Villager (Male) |
| 27:06 | Crear | Villager (Male) |
| 27:45 | Crear | Camel Scout |
| 27:45 | Crear | Camel Scout |
| 27:45 | Crear | Camel Scout |
| 28:08 | Crear | Camel Scout |
| 28:08 | Crear | Camel Scout |
| 28:08 | Crear | Camel Scout |
| 28:10 | Crear | Villager (Male) |
| 28:11 | Crear | Villager (Male) |
| 28:11 | Crear | Villager (Male) |
| 28:11 | Crear | Villager (Male) |
| 28:18 | Construir | Farm |
| 28:18 | Construir | Farm |
| 28:19 | Construir | Farm |
| 28:20 | Construir | Farm |
| 28:22 | Construir | Farm |
| 28:22 | Construir | Farm |
| 28:32 | Crear | Camel Scout |
| 28:33 | Crear | Camel Scout |
| 29:04 | Crear | Camel Scout |
| 29:28 | Crear | Villager (Male) |
| 29:28 | Crear | Villager (Male) |
| 29:32 | Crear | Villager (Male) |
| 29:32 | Crear | Villager (Male) |
| 29:32 | Crear | Villager (Male) |
| 29:35 | Construir | House |
| 29:36 | Construir | House |
| 29:37 | Construir | House |
| 29:40 | Crear | Villager (Male) |
| 29:41 | Crear | Villager (Male) |
| 29:41 | Crear | Villager (Male) |
| 29:41 | Crear | Villager (Male) |
| 30:16 | Crear | Camel Scout |
| 30:17 | Crear | Camel Scout |
| 30:18 | Crear | Villager (Male) |
| 30:29 | Construir | Mining Camp |
| 30:32 | Crear | Villager (Male) |
| 30:32 | Crear | Villager (Male) |
| 30:32 | Crear | Villager (Male) |
| 30:41 | Construir | House |
| 30:42 | Construir | House |
| 30:50 | Construir | Palisade Wall |
| 30:56 | Crear | Camel Scout |
| 31:08 | Construir | House |
| 31:10 | Construir | Palisade Wall |
| 31:13 | Construir | House |
| 31:15 | Construir | House |
| 31:16 | Construir | House |
| 31:19 | Construir | House |
| 31:20 | Construir | Palisade Wall |
| 31:24 | Crear | Villager (Male) |
Cronología de la partida
| 9:58 | metcag · age_up castle |
| 10:17 | Toblerone Order · age_up castle |
| 10:19 | Rhogal · age_up castle |
| 11:29 | rickettsia · wall_segment Palisade Wall x21 |
| 11:42 | Toblerone Order · wall_segment Palisade Wall x3 |
| 11:45 | Rhogal · wall_segment Palisade Wall x10 |
| 11:58 | BigYim · wall_segment Palisade Wall x5 |
| 12:11 | BigYim · wall_segment Palisade Wall x11 |
| 12:15 | maganda · age_up castle |
| 12:15 | rickettsia · wall_segment Palisade Wall x6 |
| 12:21 | maganda · wall_segment Palisade Wall x2 |
| 12:28 | metcag · wall_segment Palisade Wall x7 |
| 12:28 | rickettsia · age_up castle |
| 12:50 | rickettsia · wall_segment Palisade Wall x3 |
| 12:56 | maganda · wall_segment Palisade Wall x6 |
| 12:57 | BigYim · wall_segment Palisade Wall x7 |
| 12:57 | BigYim · age_up castle |
| 13:01 | Rhogal · wall_segment Palisade Wall x11 |
| 13:02 | maganda · wall_segment Palisade Wall x4 |
| 13:04 | Toblerone Order · wall_segment Palisade Wall x18 |
| 13:22 | Rhogal · wall_segment Palisade Wall x3 |
| 13:26 | Rhogal · wall_segment Palisade Wall x20 |
| 13:26 | BigYim · wall_segment Palisade Wall x4 |
| 13:28 | MR.F4 · age_up castle |
| 13:29 | BigYim · wall_segment Palisade Wall x4 |
| 13:35 | metcag · wall_segment Palisade Wall x7 |
| 13:49 | maganda · wall_segment Palisade Wall x9 |
| 13:59 | metcag · wall_segment Palisade Wall x9 |
| 14:03 | metcag · wall_segment Palisade Wall x10 |
| 14:47 | mehmettenne · age_up castle |
| 15:53 | rickettsia · wall_segment Palisade Wall x1 |
| 15:58 | MR.F4 · wall_segment Palisade Wall x5 |
| 16:07 | metcag · wall_segment Palisade Wall x5 |
| 16:48 | Toblerone Order · wall_segment Palisade Wall x1 |
| 16:51 | mehmettenne · wall_segment Palisade Wall x1 |
| 17:14 | rickettsia · wall_segment Palisade Wall x1 |
| 17:18 | Toblerone Order · wall_segment Palisade Wall x10 |
| 17:20 | MR.F4 · wall_segment Palisade Wall x2 |
| 18:03 | Rhogal · wall_segment Palisade Wall x1 |
| 18:59 | metcag · first_building Stable |
| 19:44 | rickettsia · first_market_sell 100 wood |
| 20:53 | maganda · first_market_buy 100 food |
| 20:53 | rickettsia · first_market_buy 100 food |
| 21:10 | maganda · first_building Archery Range |
| 21:17 | Rhogal · first_building Stable |
| 21:27 | rickettsia · first_building Stable |
| 21:28 | mehmettenne · wall_segment Palisade Wall x3 |
| 21:55 | Toblerone Order · first_building Stable |
| 21:56 | mehmettenne · wall_segment Palisade Wall x5 |
| 22:00 | Toblerone Order · first_building Monastery |
| 22:18 | maganda · wall_segment Palisade Wall x1 |
| 22:19 | BigYim · wall_segment Palisade Wall x7 |
| 22:20 | maganda · wall_segment Palisade Wall x1 |
| 22:42 | Rhogal · first_market_buy 100 stone |
| 22:54 | mehmettenne · wall_segment Palisade Wall x1 |
| 23:04 | BigYim · wall_segment Palisade Wall x2 |
| 23:06 | BigYim · wall_segment Palisade Wall x6 |
| 23:06 | Rhogal · first_building Castle |
| 23:38 | Toblerone Order · wall_segment Palisade Wall x13 |
| 23:40 | maganda · first_market_sell 100 wood |
| 23:50 | mehmettenne · wall_segment Palisade Wall x1 |
| 23:54 | Toblerone Order · wall_segment Palisade Wall x1 |
| 24:30 | BigYim · first_market_sell 100 food |
| 24:35 | mehmettenne · first_building Stable |
| 24:54 | Toblerone Order · wall_segment Palisade Wall x1 |
| 25:00 | Toblerone Order · wall_segment Palisade Wall x1 |
| 26:10 | Toblerone Order · wall_segment Palisade Wall x3 |
| 26:11 | Toblerone Order · wall_segment Palisade Wall x3 |
| 26:13 | Toblerone Order · wall_segment Palisade Wall x7 |
| 26:18 | BigYim · first_market_buy 100 wood |
| 27:13 | BigYim · age_up imperial |
| 28:22 | MR.F4 · first_market_sell 500 food |
| 28:22 | MR.F4 · first_market_buy 100 wood |
| 28:50 | maganda · age_up imperial |
| 29:13 | mehmettenne · first_building Monastery |
| 30:02 | BigYim · first_building Archery Range |
| 30:13 | metcag · age_up imperial |
| 30:34 | MR.F4 · first_building Archery Range |
| 30:50 | rickettsia · wall_segment Palisade Wall x7 |
| 30:58 | Rhogal · first_market_sell 500 wood |
| 31:10 | rickettsia · wall_segment Palisade Wall x7 |
| 31:20 | rickettsia · wall_segment Palisade Wall x1 |
| 31:54 | MR.F4 · first_building Siege Workshop |
| 32:40 | rickettsia · age_up imperial |
| 32:48 | mehmettenne · age_up imperial |
| 33:44 | Toblerone Order · age_up imperial |
| 33:44 | rickettsia · wall_segment Stone Wall x10 |
| 34:01 | BigYim · first_building Monastery |
| 34:11 | BigYim · wall_segment Palisade Wall x6 |
| 35:30 | Rhogal · age_up imperial |
| 35:36 | metcag · first_building Monastery |
| 35:48 | MR.F4 · first_building Barracks |
| 35:59 | maganda · first_building Castle |
| 36:47 | MR.F4 · age_up imperial |
| 36:47 | MR.F4 · first_building Castle |
| 37:03 | metcag · first_building Castle |
| 39:19 | rickettsia · wall_segment Palisade Wall x1 |
| 40:07 | Toblerone Order · first_building Castle |
| 40:36 | rickettsia · first_building Monastery |
| 40:40 | BigYim · wall_segment Palisade Wall x5 |
| 40:46 | metcag · first_market_buy 100 wood |
| 42:14 | rickettsia · first_building Castle |
| 42:31 | metcag · tribute_sent a jugador 1 |
| 42:31 | metcag · tribute_sent a jugador 3 |
| 42:31 | metcag · tribute_sent a jugador 4 |
| 42:31 | metcag · tribute_sent a jugador 5 |
| 42:31 | metcag · tribute_sent a jugador 6 |
| 42:31 | metcag · tribute_sent a jugador 7 |
| 42:31 | metcag · tribute_sent a jugador 8 |
| 42:37 | rickettsia · wall_segment Stone Wall x12 |
| 43:19 | metcag · first_market_sell 100 food |
| 44:26 | rickettsia · tribute_sent a jugador 1 |
| 44:26 | rickettsia · tribute_sent a jugador 2 |
| 44:26 | rickettsia · tribute_sent a jugador 3 |
| 44:26 | rickettsia · tribute_sent a jugador 4 |
| 44:26 | rickettsia · tribute_sent a jugador 5 |
| 44:26 | rickettsia · tribute_sent a jugador 6 |
| 44:26 | rickettsia · tribute_sent a jugador 7 |
| 44:39 | mehmettenne · first_market_sell 100 food |
| 45:03 | mehmettenne · first_building Castle |
| 45:03 | BigYim · first_building Castle |
| 45:23 | BigYim · tribute_sent a jugador 1 |
| 45:23 | BigYim · tribute_sent a jugador 2 |
| 45:23 | BigYim · tribute_sent a jugador 3 |
| 45:23 | BigYim · tribute_sent a jugador 4 |
| 45:23 | BigYim · tribute_sent a jugador 6 |
| 45:23 | BigYim · tribute_sent a jugador 7 |
| 45:23 | BigYim · tribute_sent a jugador 8 |
| 46:21 | maganda · tribute_sent a jugador 1 |
| 46:21 | maganda · tribute_sent a jugador 2 |
| 46:21 | maganda · tribute_sent a jugador 3 |
| 46:21 | maganda · tribute_sent a jugador 4 |
| 46:21 | maganda · tribute_sent a jugador 5 |
| 46:21 | maganda · tribute_sent a jugador 7 |
| 46:21 | maganda · tribute_sent a jugador 8 |
| 46:31 | maganda · tribute_sent a jugador 1 |
| 46:31 | maganda · tribute_sent a jugador 2 |
| 46:31 | maganda · tribute_sent a jugador 3 |
| 46:31 | maganda · tribute_sent a jugador 4 |
| 46:31 | maganda · tribute_sent a jugador 5 |
| 46:31 | maganda · tribute_sent a jugador 7 |
| 46:31 | maganda · tribute_sent a jugador 8 |
| 47:20 | Rhogal · first_building Archery Range |
| 47:25 | rickettsia · wall_segment Stone Wall x19 |
| 48:04 | rickettsia · wall_segment Stone Wall x16 |
| 48:12 | Toblerone Order · first_market_sell 100 wood |
| 48:12 | Toblerone Order · first_market_buy 100 stone |
| 49:38 | mehmettenne · first_market_buy 100 wood |
| 50:00 | maganda · tribute_sent a jugador 1 |
| 50:00 | maganda · tribute_sent a jugador 2 |
| 50:00 | maganda · tribute_sent a jugador 3 |
| 50:00 | maganda · tribute_sent a jugador 4 |
| 50:00 | maganda · tribute_sent a jugador 5 |
| 50:00 | maganda · tribute_sent a jugador 7 |
| 50:00 | maganda · tribute_sent a jugador 8 |
| 51:28 | maganda · tribute_sent a jugador 1 |
| 51:28 | maganda · tribute_sent a jugador 2 |
| 51:28 | maganda · tribute_sent a jugador 3 |
| 51:28 | maganda · tribute_sent a jugador 4 |
| 51:28 | maganda · tribute_sent a jugador 5 |
| 51:28 | maganda · tribute_sent a jugador 7 |
| 51:28 | maganda · tribute_sent a jugador 8 |
| 52:15 | metcag · tribute_sent a jugador 1 |
| 52:15 | metcag · tribute_sent a jugador 3 |
| 52:15 | metcag · tribute_sent a jugador 4 |
| 52:15 | metcag · tribute_sent a jugador 5 |
| 52:15 | metcag · tribute_sent a jugador 6 |
| 52:15 | metcag · tribute_sent a jugador 7 |
| 52:15 | metcag · tribute_sent a jugador 8 |
| 52:40 | mehmettenne · first_building Barracks |
| 52:57 | rickettsia · wall_segment Stone Wall x11 |
| 53:01 | metcag · tribute_sent a jugador 1 |
| 53:01 | metcag · tribute_sent a jugador 3 |
| 53:01 | metcag · tribute_sent a jugador 4 |
| 53:01 | metcag · tribute_sent a jugador 5 |
| 53:01 | metcag · tribute_sent a jugador 6 |
| 53:02 | metcag · tribute_sent a jugador 7 |
| 53:02 | metcag · tribute_sent a jugador 8 |
| 53:26 | rickettsia · wall_segment Stone Wall x19 |
| 54:45 | Rhogal · first_building Barracks |
| 54:58 | Rhogal · resign |
[ ANÁLISIS IA · 1 CRÉDITO ]
¿Qué pasó realmente en esta partida?
Wolo.gg analiza cada decisión: build order, eco, micro, errores típicos por bracket. Análisis personalizado por WhatsApp o Discord en 30 segundos.
Guía civ
Coreanos
Perfil
Jugador #218621